Map: Mist Opportunities

Players

NamroodTuo

  • Race: Zerg Zerg

Colossal

  • Race: Terran Terran
  • Spawn Location: 6:00

VOD

Have the link to the VOD?

Description

Time

  • Played on: Feb. 23, 2023, 11:02 a.m.
  • Length: 20:10
Show
View Real Time Build Order
Export as new Build Order

NamroodTuo Zerg 

Build Orders:  

Get SALT Encoding   

  12  0:05  Infested SCV  
  13  0:18  Overlord  
  13  0:25  Infested SCV  
  14  0:38  Infested SCV  
  15  0:43  Overlord  
  15  0:49  Infested SCV  
  16  1:05  Infested SCV  
  17  1:21  Infested SCV  
  18  1:38  Infested Refinery  
  18  1:43  Infested Refinery  
  18  1:48  Infested SCV  
  19  1:53  Infested SCV  
  20  2:12  Infested Barracks, Infested SCV  
  21  2:25  Infested SCV  
  22  2:38  Infested Engineering Bay  
  22  2:42  Overlord  
  22  3:00  Infested SCV  
  23  3:17  Infested Barracks Tech Lab  
  23  3:25  Infested Barracks  
  23  3:32  Infested SCV  
  23  3:33  Infested SCV  
  25  3:50  Infested Marine  
  25  3:51  Infested Marine x5  
  25  3:52  Infested Marine x3  
  34  4:13  Infested SCV, Infested Bunker  
  34  4:15  Overlord  
  38  4:57  Infested SCV x2  
  38  4:58  Infested SCV  
  45  5:04  Infested Bunker  
  45  5:08  Retinal Augmentation  
  45  5:14  Infested SCV  
  38  5:38  Infested SCV  
  38  5:39  Infested SCV  
  40  5:52  Infested Marine x2  
  40  5:53  Infested Marine x5  
  40  5:59  Overlord  
  47  6:19  Overlord  
  47  6:43  Infested Bunker  
  51  7:06  Plagued Munitions  
  51  7:13  Infested Factory  
  51  7:15  Regenerative Plating  
  44  7:30  Infested Factory  
  48  7:47  Infested Bunker  
  48  7:57  Infested Marine  
  48  7:58  Infested Marine x14  
  63  9:09  Infested Command Center  
  45  10:16  Infested Armory  
  45  10:30  Infested Factory Tech Lab  
  45  10:31  Infested Factory Tech Lab  
  41  10:55  Infested Marine x3  
  41  10:56  Infested Marine x17  
  61  11:07  Infested Marine x5  
  61  11:08  Infested Marine x12  
  78  11:38  Overlord x5  
  78  11:39  Overlord  
  78  11:40  Overlord x4  
  78  12:07  Infested Siege Tank  
  78  12:08  Infested Siege Tank x2  
  50  13:26  Aggressive Incubation  
  50  13:28  Infested SCV  
  50  13:29  Infested SCV x4  
  55  13:33  Infested Siege Tank x3  
  55  13:34  Infested Siege Tank x2  
  70  13:49  Infested Marine  
  71  13:50  Infested Marine x16  
  71  13:51  Infested Marine  
  71  13:52  Infested Marine  
  72  15:02  Infested Siege Tank x2  
  72  15:03  Infested Siege Tank x4  
  90  15:14  Stukov Vehicle and Ship Weapons Level 1  
  90  15:24  Infested SCV  
  90  15:25  Infested SCV  
  90  15:29  Infested SCV  
  84  15:33  Infested SCV  
  84  15:35  Infested SCV  
  86  15:42  Infested SCV  
  87  16:11  Infested Marine x3  
  87  16:12  Infested Marine x21  
  87  16:13  Infested Marine x16  
  94  17:00  Calcified Armor  
  87  17:12  Infested Starport  
  81  17:23  Overlord x6  
  81  17:24  Overlord x2  
  81  17:26  Overlord  
  77  17:30  Overlord  
  77  17:44  Infested Marine  
  77  17:45  Infested Marine x15  
  77  17:46  Infested Marine x4  
  88  18:24  Overseer  
  88  18:28  Overseer x2  
  88  18:29  Overseer x3  
  81  18:35  Infested SCV x3  
  81  18:36  Infested SCV  
  72  19:13  Unknown  
  48  19:30  Infested Siege Tank  
  48  19:31  Infested Siege Tank x7  
Show
View Real Time Build Order
Export as new Build Order

Colossal Terran 

Build Orders:  

Get SALT Encoding   

  12  0:09  SCV  
  13  0:26  SCV  
  14  0:34  Supply Depot  
  14  0:43  SCV  
  15  1:04  SCV  
  15  1:06  Supply Depot  
  16  1:20  Barracks  
  16  1:21  SCV  
  17  1:38  SCV  
  18  1:55  SCV  
  18  1:56  Marine  
  20  2:06  Marine  
  21  2:12  SCV  
  21  2:16  Marine  
  23  2:27  Marine  
  24  2:35  Command Center  
  24  2:38  SCV  
  25  2:48  Marine  
  25  2:55  SCV  
  25  2:58  Marine  
  27  3:05  Refinery  
  27  3:09  Refinery  
  28  3:12  SCV  
  28  3:13  Marine  
  30  3:24  Marine  
  31  3:44  Supply Depot  
  31  4:11  Marine  
  31  4:13  Supply Depot  
  31  4:14  SCV, Supply Depot x2  
  33  4:31  SCV  
  34  4:47  SCV  
  34  4:48  SCV  
  36  5:04  SCV  
  36  5:05  SCV  
  38  5:21  SCV  
  38  5:22  SCV  
  40  5:38  SCV x2  
  42  5:46  Factory  
  42  5:55  SCV x2  
  44  6:12  SCV x2  
  46  6:29  SCV x2  
  48  6:46  SCV  
  48  6:47  SCV  
  50  7:03  SCV  
  50  7:04  SCV  
  50  7:05  Starport  
  52  7:20  SCV  
  52  7:23  Starport  
  52  7:25  SCV  
  52  7:27  Starport  
  52  7:29  Armory  
  54  7:35  Refinery  
  54  7:36  Armory, Refinery  
  54  7:37  SCV  
  55  7:42  SCV  
  56  7:54  SCV  
  56  7:59  SCV  
  58  8:11  SCV  
  58  8:16  SCV  
  60  8:28  SCV  
  61  8:33  SCV  
  62  9:32  SCV  
  62  9:38  Starport Tech Lab x2, Supply Depot  
  62  9:39  Starport Tech Lab  
  63  9:41  Supply Depot x2  
  63  9:45  Advanced Optics  
  63  9:46  Terran Vehicle and Ship Weapons Level 1  
  63  10:16  Supply Depot  
  63  10:17  Supply Depot  
  58  10:41  Fusion Core  
  57  10:53  Supply Depot  
  57  10:55  Supply Depot  
  57  10:56  Supply Depot  
  57  10:57  Supply Depot  
  57  10:59  Supply Depot  
  57  11:00  Supply Depot  
  57  11:02  Supply Depot x2  
  57  11:05  Supply Depot x3  
  57  11:10  Supply Depot  
  57  11:45  Terran Vehicle And Ship Armor Level 1  
  57  12:02  Battlecruiser x2  
  57  12:03  Battlecruiser  
  75  12:30  Terran Vehicle and Ship Weapons Level 2  
  75  12:45  Battlecruiser x2  
  87  12:54  Battlecruiser  
  90  13:51  Battlecruiser, Weapon Refit  
  90  15:00  Battlecruiser x2  
  102  15:12  Terran Vehicle And Ship Armor Level 2  
  102  16:00  Battlecruiser  
  108  16:22  Terran Vehicle and Ship Weapons Level 3  
  108  17:15  Battlecruiser  
  114  17:40  Battlecruiser  
  120  18:51  Battlecruiser x2  
Tags
 
Add a new tag
Caveats
  • Supply blocks, unpowered buildings, or Contaminate may cause inaccurate times.
  • Supply counts are checked every 10 seconds.